 Dungeon Crawl Stone Soup version 0.28-a0-726-g4a9143789a (webtiles) character file.

Game seed: 15134622834248692455

175 lunkers the Skirmisher (level 5, -4/41 HPs)
             Began as a Djinni Cinder Acolyte on Oct 27, 2021.
             Was a High Priest of Ignis.
             Slain by an orc (7 damage)
             ... on level 3 of the Dungeon.
             The game lasted 00:05:45 (3936 turns).

lunkers the Skirmisher (Djinni Cinder Acolyte)      Turns: 3936, Time: 00:05:46

Health: -4/41      AC:  7    Str: 13    XL:     5   Next: 85%
Gold:   66         EV: 10    Int: 17    God:    Ignis [*****.] SH:  0 Dex: 14

rFire   + + +      SeeInvis .   e - +1 dagger (protect)
rCold   x . .      Faith    .   (no shield)
rNeg    . . .      Spirit   .   h - +0 ring mail
rPois   ∞          Reflect  .   o - +0 helmet
rElec   .          Harm     .   q - +0 cloak
rCorr   .          Rampage  .   (no gloves)
Will    .....                   (boots unavailable)
Stlth   +.........              (no amulet)
HPRegen 0.13/turn               d - +6 ring of dexterity
MPRegen 0.00/turn               (no ring)

@: flying, very slightly contaminated
A: sickness immunity, fire resistance 2, cold vulnerability 1, float, innate
caster, hp casting, extra vitality 1
a: Renounce Religion, Sea of Fire, Foxfire Swarm, Rising Flame


You were on level 3 of the Dungeon.
You worshipped Ignis.
Ignis was extremely pleased with you.
You visited 1 branch of the dungeon, and saw 3 of its levels.

You collected 66 gold pieces.

Inventory:

Hand Weapons
 a - a -1 falchion of flaming
 e - a +1 dagger of protection (weapon)
 i - a +3 dagger
 j - a +2 war axe of holy wrath
Armour
 h - a +0 ring mail (worn)
 o - a +0 helmet (worn)
 q - a +0 cloak (worn)
Jewellery
 d - a +6 ring of dexterity (left hand)
Wands
 m - a wand of iceblast (7)
Scrolls
 b - a scroll of torment {unknown}
 r - a scroll of amnesia {unknown}
Potions
 c - a potion of invisibility
 f - a potion of magic {unknown}
 g - a potion of lignification {unknown}
 k - a potion of heal wounds {unknown}
 l - 2 potions of flight {unknown}
 n - a potion of haste {unknown}
 p - a potion of curing {unknown}


   Skills:
 + Level 4.2 Fighting
 - Level 2.6 Long Blades
 * Level 4.1 Spellcasting


You had 7 spell levels left.
You knew the following spells:

 Your Spells              Type           Power      Damage    Failure   Level
a - Ensorcelled Hibernat  Hex/Ice        34%        N/A       10%         2
o - Apportation           Tloc           34%        N/A       6%          1
p - Scorch                Fire           34%        2d7       10%         2
Your spell library was empty.

Dungeon Overview and Level Annotations

Branches:
Dungeon (3/15)

Altars:
Okawaru
The Shining One

Shops:
D:3 (


Innate Abilities, Weirdness & Mutations

You are immune to sickness and miasma.
You are immune to poison.
Your flesh is very heat resistant. (rF++)
You are vulnerable to cold. (rC-)
You float through the air rather than walking.
You learn spells naturally, not from books.
Your magical power is your life essence.
You have superior vitality. (+4 HP)


Message History

Casting: Scorch (safe; 11% risk of failure)
Press: ? - help, Q - select action, (/) - cycle Dir - look around, f - activate Flames lash the orc priest.
The orc priest is burned terribly!
You kill the orc priest!
* * * LOW HITPOINT WARNING * * *
The orc barely misses you.
Your Spellcasting skill increases to level 4!
Casting: Scorch (safe; 10% risk of failure)
Press: ? - help, Q - select action, (/) - cycle Dir - look around, f - activate You miscast Scorch.
Nothing appears to happen.
* * * LOW HITPOINT WARNING * * *
The orc hits you but does no damage.
Casting: Scorch (safe; 10% risk of failure)
Press: ? - help, Q - select action, (/) - cycle Dir - look around, f - activate Flames lash the orc.
You kill the orc!
* * * LOW HITPOINT WARNING * * *
An endoplasm comes into view.
Casting: Scorch (safe; 10% risk of failure)
Press: ? - help, Q - select action, (/) - cycle Dir - look around, f - activate Flames lash the orc.
The orc is severely wounded.
The orc's fire resistance burns away.
* * * LOW HITPOINT WARNING * * *
The orc hits you but does no damage.
Unknown command.
Casting: Scorch (safe; 10% risk of failure)
Press: ? - help, Q - select action, (/) - cycle Dir - look around, f - activate Flames lash the endoplasm.
The endoplasm is almost dead.
The endoplasm's fire resistance burns away.
* * * LOW HITPOINT WARNING * * *
The orc closely misses you.
Casting: Scorch (safe; 10% risk of failure)
Press: ? - help, Q - select action, (/) - cycle Dir - look around, f - activate Flames lash the endoplasm.
The endoplasm is burned terribly!
You kill the endoplasm!
* * * LOW HITPOINT WARNING * * *
The orc hits you with a +0 mace!
You die...

..## ##(..##
.## #8...8#
.8# ##...##
.## #...# .#
##...## .##
## #8...8#
.8# o.
###...## .##
#.####.....#
.#
#)))o@.....#
##
#$>###.#...#
#.. ..#...#
#..
.###.....
#....
#.....# #.##
#.##### #.
.[ #.


You could see an orc (combustible).

Vanquished Creatures
  2 orc priests (D:3)
  2 adders
  3 gnolls (D:3)
  2 dart slugs
  9 orcs (D:3)
  6 ball pythons
  4 bats
  6 endoplasms
  A giant cockroach (D:2)
  8 goblins
  A hobgoblin (D:2)
  4 quokkas
  A frilled lizard (D:1)
  8 kobolds
  3 rats
60 creatures vanquished.

Notes
Turn   | Place    | Note
-------+----------+-------------------------------------------
     0 | D:1      | lunkers the Djinni Cinder Acolyte began the quest for the
                  | Orb.
     0 | D:1      | Reached XP level 1. HP: 20/20 MP: 0/0
   311 | D:1      | Reached XP level 2. HP: 6/25 MP: 0/0
  1306 | D:1      | Reached XP level 3. HP: 26/30 MP: 0/0
  1306 | D:1      | Learned a level 1 spell: Apportation
  2225 | D:2      | Reached XP level 4. HP: 26/35 MP: 0/0
  2722 | D:3      | Found a faded altar of an unknown god.
  3095 | D:3      | Found an iron altar of Okawaru.
  3196 | D:3      | Reached XP level 5. HP: 21/41 MP: 0/0
  3196 | D:3      | Learned a level 2 spell: Ensorcelled Hibernation
  3553 | D:3      | Found a glowing golden altar of the Shining One.
  3675 | D:3      | Found Vesuot's Antique Weapon Boutique.
  3936 | D:3      | Slain by an orc

Illustrated notes

Levels and vault maps discovered:
D:1:      amcnicky_arrival_double_pillar, layout_basic
D:2:      layout_rooms
D:3:      layout_basic, okawaru_ov_weapons_minmay, lemuel_tele_altar,
          serial_corexii_hall, chequers_hall_statues_y, chequers_hall_statues_y,
          dilly_ecumenical_altar_fadedgnrine, serial_shops, shop, minmay_unequal

Skill      XL: |  1  2  3  4  5 |
---------------+----------------+-----
Spellcasting   | 3 4 |  4.1
Fighting       | 4 |  4.2
Long Blades    | |  2.6

Action                   |  1- 3 |  4- 6 || total
-------------------------+-------+-------++-------
Melee: Falchion          |    27 |       ||    27
 Cast: Scorch            |    33 |    47 ||    80
  Use: Scroll            |       |     5 ||     5
Armor: Robe              |     8 |       ||     8
       Ring mail         |     2 |     5 ||     7
Dodge: Dodged            |    26 |    11 ||    37

Table legend: (Time is in decaauts)
 A = Elapsed time spent in this place.
 B = Non-inter-level travel time spent in this place.
 C = Inter-level travel time spent in this place.
 D = Time resting spent in this place.
 E = Time spent auto-exploring this place.
 F = Levels seen in this place.
 G = Mean time per level.
                   A        B        C        D        E       F      G
               +--------+--------+--------+--------+--------+-----+--------+
         Total |   3939 |   3819 |    120 |    241 |   3115 |   3 | 1313.0 |
       Dungeon |   3939 |   3819 |    120 |    241 |   3115 |   3 | 1313.0 |
               +--------+--------+--------+--------+--------+-----+--------+

Top non-repeatable levels by time:
     D:1: 1685 daAuts
     D:3: 1449 daAuts
     D:2: 804 daAuts
